 Dungeon Crawl Stone Soup version 0.24-a0-243-g8f5f5cd (webtiles) character file.

Game seed: 3871202721700274940

49576 Gorice the Grappler (level 14, 0/113 HPs)
             Began as a Gnoll Wanderer on Apr 8, 2019.
             Was a High Priest of the Shining One.
             Hit by a large rock thrown by a stone giant (6 damage)
             ... on level 2 of the Orcish Mines on Apr 9, 2019.
             The game lasted 01:33:38 (27108 turns).

Gorice the Grappler (Gnoll Wanderer)               Turns: 27108, Time: 01:33:40

Health: 0/113      AC: 21    Str: 25    XL:     14   Next: 51%
Magic:  27/27      EV: 15    Int: 15    God:    the Shining One [*****.]
Gold:   924        SH: 10    Dex: 16    Spells: 28/31 levels left

rFire    + . .     SeeInvis +   b - +1 lajatang (slice)
rCold    + . .     Gourm    +   (shield currently unavailable)
rNeg     + + .     Faith    .   K - +1 chain mail {rC+}
rPois    .         Spirit   .   g - +2 hat {SInv}
rElec    .         Reflect  .   u - +1 cloak
rCorr    .         Harm     .   v - +2 pair of gloves {Str+3}
MR       ++...                  I - +0 pair of boots
Stlth    +.........             x - amulet "Alaev" {Gourm Str+4}
HPRegen  0.28/turn              f - ring of protection from fire
MPRegen  0.20/turn              m - ring of protection from magic

@: divine shield, very slightly contaminated, glowing
A: distributed training, fangs 1, strong nose
a: Divine Shield, Cleansing Flame, Summon Divine Warrior, Renounce Religion


You were on level 2 of the Orcish Mines.
You worshipped the Shining One.
The Shining One was extremely pleased with you.
You were very full.

You visited 4 branches of the dungeon, and saw 19 of its levels.
You also visited: Ice Cave.

You collected 1917 gold pieces.
You spent 993 gold pieces at shops.

Inventory:

Hand Weapons
 a - a +2 dagger of venom
   (You took it off an orc wizard on level 5 of the Dungeon)
 b - a +1 lajatang of slicing (weapon)
   (You found it on level 2 of the Dungeon)
 N - a +5 short sword of freezing
   (You took it off a wight on level 6 of the Dungeon)
 S - a +1 war axe of electrocution
   (You took it off an orc knight on level 2 of the Orcish Mines)
 T - a +3 battleaxe
Missiles
 L - 29 tomahawks
 Q - 6 javelins (quivered)
 X - 4 tomahawks of dispersal
 Z - 2 throwing nets {!f}
Armour
 d - a scarf of cloud immunity
   (You bought it in a shop on level 4 of the Dungeon)
 g - a +2 hat of see invisible (worn)
   (You found it in an ice cave)
 j - a +0 helmet
 u - a +1 cloak (worn)
 v - a +2 pair of gloves of strength (worn)
   (You found it on level 9 of the Dungeon)
 H - a +0 plate armour
 I - a +0 pair of boots (worn)
 J - a +2 robe of the Archmagi
   (You took it off an orc sorcerer on level 2 of the Orcish Mines)
 K - a +1 chain mail of cold resistance (worn)
   (You bought it in a shop on level 4 of the Dungeon)
Jewellery
 f - a ring of protection from fire (left hand)
 m - a ring of protection from magic (right hand)
 r - an uncursed ring of magical power
 x - the amulet "Alaev" (around neck) {Gourm Str+4}
   (You found it on level 10 of the Dungeon)

   [amulet of the gourmand]

   It allows you to eat raw meat even when not hungry.
   It affects your strength (+4).
 F - an uncursed ring of fire
Wands
 A - a wand of iceblast (8)
 B - a wand of flame (62)
 M - a wand of disintegration (10)
 R - a wand of enslavement (8)
Scrolls
 c - 11 scrolls of teleportation {!r}
 i - 11 scrolls of identify
 l - 2 scrolls of enchant armour
 o - 7 scrolls of remove curse
 q - a scroll of vulnerability {!r!r}
 w - a scroll of amnesia
 y - a scroll of fog
 G - a scroll of brand weapon
 O - 3 scrolls of blinking
 P - a scroll of fear {!r}
Potions
 e - a potion of resistance {!q}
 p - 2 potions of flight
 t - a potion of agility {!q}
 z - a potion of heal wounds {!q}
 C - 3 potions of lignification {!q}
 D - a potion of ambrosia
 E - 2 potions of curing
Miscellaneous
 n - a lamp of fire
 s - a sack of spiders
Comestibles
 k - 22 rations


   Skills:
 + Level 11.1 Fighting
 + Level 9.1 Short Blades
 + Level 9.1 Long Blades
 + Level 9.1 Axes
 + Level 9.1 Maces & Flails
 + Level 9.1 Polearms
 + Level 9.1 Staves
 + Level 9.1 Slings
 + Level 9.1 Bows
 + Level 9.1 Crossbows
 + Level 9.1 Throwing
 + Level 9.1 Armour
 + Level 10.2 Dodging
 + Level 9.4 Stealth
 + Level 9.5 Shields
 + Level 11.1 Unarmed Combat
 + Level 9.1 Spellcasting
 + Level 7.6 Conjurations
 + Level 7.6 Hexes
 + Level 7.6 Charms
 + Level 7.6 Summonings
 + Level 7.6 Necromancy
 + Level 7.6 Translocations
 + Level 7.6 Transmutations
 + Level 7.6 Fire Magic
 + Level 7.6 Ice Magic
 + Level 7.6 Air Magic
 + Level 7.6 Earth Magic
 + Level 7.6 Poison Magic
 + Level 9.9 Invocations
 + Level 9.1 Evocations


You had 28 spell levels left.
You knew the following spells:

 Your Spells              Type           Power        Failure   Level  Hunger
w - Spectral Weapon       Hex/Chrm       ####....     7%          3    #......

Your spell library contained the following spells:

 Spells                   Type           Power        Failure   Level  Hunger
 Infusion                 Chrm           ####         2%          1    None
 Shroud of Golubria       Chrm/Tloc      ####......   3%          2    None
 Song of Slaying          Chrm           ####....     3%          2    None
 Regeneration             Chrm/Necr      ####......   7%          3    #......
 Ice Form                 Ice/Tmut       ####....     24%         4    ###....
 Bolt of Magma            Conj/Fire/Erth ####......   54%         5    #####..
 Iskenderun's Battlesphe  Conj/Chrm      ####....     54%         5    #####..
 Metabolic Englaciation   Hex/Ice        ####......   54%         5    #####..
 Venom Bolt               Conj/Pois      ####......   54%         5    #####..
 Bolt of Cold             Conj/Ice       ####......   98%         6    ######.
 Freezing Cloud           Conj/Ice/Air   ####......   98%         6    ######.
 Iron Shot                Conj/Erth      ####......   98%         6    ######.
 Ozocubu's Refrigeration  Ice            ####......   98%         6    ######.
 Simulacrum               Ice/Necr       ####......   98%         6    ######.
 Orb of Destruction       Conj           ####......   100%        7    #######
 Spellforged Servitor     Conj/Summ      ####......   100%        7    #######


Dungeon Overview and Level Annotations

Branches:
Dungeon (10/15)            Temple (1/1) D:7            Lair (6/6) D:8
 Shoals (0/4) Lair:3        Snake (0/4) Lair:2        Slime (0/5) Lair:5
    Orc (2/2) D:10            Elf (0/3) Orc:2

Altars:
Ashenzari
Cheibriados
Dithmenos
Elyvilon
Fedhas
Gozag
Hepliaklqana
Kikubaaqudgha
Makhleb
Nemelex Xobeh
Okawaru
Qazlal
Ru
Sif Muna
Trog
Uskayaw
Vehumet
Wu Jian
Xom
Yredelemnul
Zin
The Shining One
Beogh

Shops:
D:4 [   D:5 (   D:6 :   D:7 *   D:10 *%   Orc:2 *?(

Annotations:
D:5 exclusion: oklob plant
D:9 2 transporters
Lair:1 exclusion: oklob plant
Lair:6 vpUX: book behind statue!!!!!!!!!!!!!!!!!!!!!!!!!!!!!!!!!!!!!!!!!!!!!!!!!!!!


Innate Abilities, Weirdness & Mutations

Your experience applies equally to all skills.
You have very sharp teeth.
Your uncanny sense of smell can sniff out nearby items.


Message History

Things that are here:
a +0 giant club x2
Things that are here:
a +0 giant spiked club; a cursed +0 giant spiked club
Items here: )) [ ÷÷ a +0 giant club; a +0 halberd; a +0 robe; an ogre skeleton x2
All of the chunks of flesh in your inventory have rotted away.
An ogre comes into view. It is wielding a +0 giant spiked club.
The ogre shouts!
A stone giant comes into view.
You see here a javelin.
Q - 6 javelins (gained 1)
The stone giant throws a large rock.
The large rock closely misses you.
You see here a +0 giant club.
The stone giant throws a large rock.
The large rock hits you!!!
Damage: 43 (max 43)
The ogre closely misses you.
You slice the ogre!!
You kill the ogre!
A divine shield forms around you!
You feel slightly less full. The stone giant hits you!!
Things that are here:
a +0 giant spiked club; a +0 giant club; an ogre corpse; Damage: 32 (max 43)
You hit the stone giant but do no damage.
You bite the stone giant, but do no damage.
You block the stone giant's attack.
You slash the stone giant!
You bite the stone giant, but do no damage.
The stone giant is lightly wounded.
You block the stone giant's attack.
You slash the stone giant!
The stone giant is moderately wounded.
The stone giant hits you!!
* * * LOW HITPOINT WARNING * * *
Damage: 31 (max 43) Unknown command.
Blink to where?
Press: ? - help, Dir - move target cursor You are very lightly contaminated with residual magic.
As you read the scroll of blinking, it crumbles to dust.
You see here a +0 whip of freezing.
You see here a +0 dagger.
The stone giant throws a large rock.
The large rock hits you!
* * * LOW HITPOINT WARNING * * *
Things that are here:
a large rock; a cursed +0 chain mail; a +0 flail; Damage: 10 (max 10)
As you read the scroll of fog, it crumbles to dust.
The scroll dissolves into smoke.
The stone giant throws a large rock.
The large rock hits you.
You die...

##........................
#.............C......##..#
#........##)...........###
##........#.)...........#.
#.........##..............
##..........(.[......#....
#...........<)[...........
##......§§§..)............
##......§@§...........#...
#....>..§.§........(...#..
#..................#......
##........................
##........<...............
#.........................
##....................<...
##........................
#.........................


You could see a stone giant.

Vanquished Creatures
  A reaper (IceCv)
  A stone giant (Orc:2)
  2 dire elephants (Lair:6)
  2 hydras
  An anaconda (Lair:6)
  4 two-headed ogres (Orc:2)
  An ogre mage (Orc:2)
  3 death yaks (Lair:5)
  2 orc knights (Orc:2)
  A deep troll (Orc:2)
  2 orc sorcerers
  A cyclops (Orc:2)
  3 black mambas
  An eye of devastation (Lair:5)
  2 ice statues (IceCv)
  Psyche (D:10)
  3 elephants
  A centaur zombie (D:10)
  3 torpor snails
  16 spiny frogs
  2 rime drakes
  A freezing wraith (D:9)
  5 ice devils (IceCv)
  3 komodo dragons
  2 hornets
  A polar bear (Lair:6)
  11 trolls
  5 blink frogs
  6 hippogriffs
  5 dream sheep (Lair:6)
  Sigmund (D:4)
  A spriggan (D:7)
  33 yaks
  A wyvern (Lair:2)
  Eustachio (D:4)
  4 hungry ghosts
  5 wargs
  3 nagas (Lair:2)
  20 water moccasins
  6 porcupines
  11 orc warriors
  2 sky beasts
  2 eyes of draining
  12 ice beasts
  2 phantoms (D:5)
  4 black bears
  A necrophage (D:10)
  11 ogres
  5 centaurs
  4 wolves (Lair:2)
  The ghost of Hylith the Caller, an amateur BaSu (D:4)
  2 big kobolds
  9 crocodiles
  10 bullfrogs
  3 scorpions
  10 wights
  4 electric eels
  5 crimson imps
  2 bullfrog zombies
  A jelly (D:8)
  A quasit (D:9)
  10 orc priests
  5 hounds
  23 orc wizards
  2 bullfrog skeletons
  A centaur skeleton (D:5)
  3 iguanas
  5 hell rats
  12 worker ants
  A bullfrog simulacrum (D:4)
  4 gnolls (D:3)
  9 adders
  6 river rats
  3 shadow imps
  10 white imps
  A worker ant simulacrum (D:4)
  10 ufetubi (IceCv)
  An ooze (D:6)
  An adder zombie (D:6)
  2 adder skeletons (D:9)
  7 worms
  A dart slug (D:1)
  9 leopard geckos
  52 orcs
  6 giant cockroaches
  9 hobgoblins
  9 jackals
  3 quokkas
  4 ball pythons
  6 bats
  2 frilled lizards
  9 goblins
  A jackal skeleton (D:9)
  13 kobolds
  2 leopard gecko simulacra (D:4)
  A leopard gecko skeleton (D:5)
  A quokka simulacrum (D:4)
  2 quokka skeletons
  9 rats
  A plant (Lair:6)
525 creatures vanquished.

Vanquished Creatures (others)
  3 white imps (IceCv)
  2 ufetubi (IceCv)
  5 fungi
  7 plants
17 creatures vanquished.

Grand Total: 542 creatures vanquished

Notes
Turn   | Place    | Note
-------+----------+-------------------------------------------
     0 | D:1      | Gorice the Gnoll Wanderer began the quest for the Orb.
     0 | D:1      | Gorice set off with the following items: a +0 dagger, a
                  | potion of curing, a scroll of teleportation {!r}, a +0
                  | robe, a +0 shield, a ration
     0 | D:1      | Reached XP level 1. HP: 23/23 MP: 1/1
   179 | D:1      | Reached XP level 2. HP: 23/29 MP: 2/2
   724 | D:1      | Reached XP level 3. HP: 30/35 MP: 3/3
  1090 | D:2      | Reached skill level 1 in Invocations
  1320 | D:2      | Reached skill level 1 in Short Blades
  1320 | D:2      | Reached skill level 1 in Long Blades
  1320 | D:2      | Reached skill level 1 in Axes
  1320 | D:2      | Reached skill level 1 in Maces & Flails
  1320 | D:2      | Reached skill level 1 in Polearms
  1320 | D:2      | Reached skill level 1 in Staves
  1320 | D:2      | Reached skill level 1 in Slings
  1320 | D:2      | Reached skill level 1 in Bows
  1320 | D:2      | Reached skill level 1 in Crossbows
  1320 | D:2      | Reached skill level 1 in Throwing
  1320 | D:2      | Reached skill level 1 in Armour
  1320 | D:2      | Reached skill level 1 in Spellcasting
  1320 | D:2      | Reached skill level 1 in Evocations
  1464 | D:3      | Reached XP level 4. HP: 39/41 MP: 5/5
  1480 | D:3      | Reached skill level 1 in Conjurations
  1480 | D:3      | Reached skill level 1 in Hexes
  1480 | D:3      | Reached skill level 1 in Charms
  1480 | D:3      | Reached skill level 1 in Summonings
  1480 | D:3      | Reached skill level 1 in Necromancy
  1480 | D:3      | Reached skill level 1 in Translocations
  1480 | D:3      | Reached skill level 1 in Transmutations
  1480 | D:3      | Reached skill level 1 in Fire Magic
  1480 | D:3      | Reached skill level 1 in Ice Magic
  1480 | D:3      | Reached skill level 1 in Air Magic
  1480 | D:3      | Reached skill level 1 in Earth Magic
  1480 | D:3      | Reached skill level 1 in Poison Magic
  1742 | D:3      | Reached XP level 5. HP: 47/47 MP: 6/6
  1808 | D:3      | Reached skill level 3 in Shields
  2002 | D:3      | Reached XP level 6. HP: 44/53 MP: 8/8
  2054 | D:3      | Reached skill level 2 in Invocations
  2161 | D:3      | Reached skill level 5 in Dodging
  2161 | D:3      | Reached skill level 3 in Stealth
  2170 | D:3      | Reached skill level 2 in Short Blades
  2170 | D:3      | Reached skill level 2 in Long Blades
  2170 | D:3      | Reached skill level 2 in Axes
  2170 | D:3      | Reached skill level 2 in Maces & Flails
  2170 | D:3      | Reached skill level 2 in Polearms
  2170 | D:3      | Reached skill level 2 in Staves
  2170 | D:3      | Reached skill level 2 in Slings
  2170 | D:3      | Reached skill level 2 in Bows
  2170 | D:3      | Reached skill level 2 in Crossbows
  2170 | D:3      | Reached skill level 2 in Throwing
  2170 | D:3      | Reached skill level 2 in Armour
  2170 | D:3      | Reached skill level 2 in Spellcasting
  2170 | D:3      | Reached skill level 2 in Evocations
  2588 | D:4      | Noticed Hylith's ghost (amateur BaSu)
  2618 | D:4      | Found a runed translucent gate.
  2618 | D:4      | Found a runed translucent gate.
  2618 | D:4      | Found a runed translucent gate.
  2707 | D:4      | Reached XP level 7. HP: 57/59 MP: 10/10
  2730 | D:4      | Noticed Eustachio
  3027 | D:4      | Killed Eustachio
  3027 | D:4      | Reached skill level 7 in Fighting
  3027 | D:4      | Reached skill level 7 in Unarmed Combat
  3027 | D:4      | Reached skill level 2 in Conjurations
  3027 | D:4      | Reached skill level 2 in Hexes
  3027 | D:4      | Reached skill level 2 in Charms
  3027 | D:4      | Reached skill level 2 in Summonings
  3027 | D:4      | Reached skill level 2 in Necromancy
  3027 | D:4      | Reached skill level 2 in Translocations
  3027 | D:4      | Reached skill level 2 in Transmutations
  3027 | D:4      | Reached skill level 2 in Fire Magic
  3027 | D:4      | Reached skill level 2 in Ice Magic
  3027 | D:4      | Reached skill level 2 in Air Magic
  3027 | D:4      | Reached skill level 2 in Earth Magic
  3027 | D:4      | Reached skill level 2 in Poison Magic
  3087 | D:4      | Noticed Sigmund
  3111 | D:4      | HP: 18/60 [orc wizard/puff of flame (6)]
  3169 | D:4      | Killed Sigmund
  3169 | D:4      | Reached skill level 3 in Invocations
  3439 | D:4      | Found Morchiu's Armour Shoppe.
  3493 | D:5      | Entered Level 5 of the Dungeon
  3549 | D:5      | Reached XP level 8. HP: 51/67 MP: 12/12
  3693 | D:5      | Reached skill level 3 in Short Blades
  3693 | D:5      | Reached skill level 3 in Long Blades
  3693 | D:5      | Reached skill level 3 in Axes
  3693 | D:5      | Reached skill level 3 in Maces & Flails
  3693 | D:5      | Reached skill level 3 in Polearms
  3693 | D:5      | Reached skill level 3 in Staves
  3693 | D:5      | Reached skill level 3 in Slings
  3693 | D:5      | Reached skill level 3 in Bows
  3693 | D:5      | Reached skill level 3 in Crossbows
  3693 | D:5      | Reached skill level 3 in Throwing
  3693 | D:5      | Reached skill level 3 in Armour
  3693 | D:5      | Reached skill level 4 in Shields
  3693 | D:5      | Reached skill level 3 in Spellcasting
  3693 | D:5      | Reached skill level 3 in Evocations
  3940 | D:5      | Reached skill level 4 in Stealth
  4092 | D:5      | Found Elidwide's Antique Weapon Boutique.
  4221 | D:5      | Found a blossoming altar of Fedhas.
  4245 | D:5      | Noticed an oklob plant
  5056 | D:6      | Reached skill level 4 in Invocations
  5154 | D:6      | Reached skill level 3 in Conjurations
  5154 | D:6      | Reached skill level 3 in Hexes
  5154 | D:6      | Reached skill level 3 in Charms
  5154 | D:6      | Reached skill level 3 in Summonings
  5154 | D:6      | Reached skill level 3 in Necromancy
  5154 | D:6      | Reached skill level 3 in Translocations
  5154 | D:6      | Reached skill level 3 in Transmutations
  5154 | D:6      | Reached skill level 3 in Fire Magic
  5154 | D:6      | Reached skill level 3 in Ice Magic
  5154 | D:6      | Reached skill level 3 in Air Magic
  5154 | D:6      | Reached skill level 3 in Earth Magic
  5154 | D:6      | Reached skill level 3 in Poison Magic
  5226 | D:6      | Found a shimmering altar of Xom.
  5272 | D:6      | Reached skill level 6 in Dodging
  5272 | D:6      | Reached XP level 9. HP: 67/72 MP: 14/14
  5455 | D:6      | Found Ograetys's Book Emporium.
  5979 | D:6      | Found a snail-covered altar of Cheibriados.
  6070 | D:6      | Reached skill level 4 in Short Blades
  6070 | D:6      | Reached skill level 4 in Long Blades
  6070 | D:6      | Reached skill level 4 in Axes
  6070 | D:6      | Reached skill level 4 in Maces & Flails
  6070 | D:6      | Reached skill level 4 in Polearms
  6070 | D:6      | Reached skill level 4 in Staves
  6070 | D:6      | Reached skill level 4 in Slings
  6070 | D:6      | Reached skill level 4 in Bows
  6070 | D:6      | Reached skill level 4 in Crossbows
  6070 | D:6      | Reached skill level 4 in Throwing
  6070 | D:6      | Reached skill level 4 in Armour
  6070 | D:6      | Reached skill level 4 in Spellcasting
  6070 | D:6      | Reached skill level 4 in Evocations
  6392 | D:7      | Found Subuishu's Mass Market.
  6506 | D:7      | Reached skill level 5 in Shields
  6774 | D:7      | Reached skill level 5 in Stealth
  6911 | D:7      | Reached skill level 8 in Fighting
  6911 | D:7      | Reached skill level 8 in Unarmed Combat
  7163 | D:7      | Reached skill level 5 in Invocations
  7279 | D:7      | Found an iron altar of Okawaru.
  7323 | D:7      | Found a staircase to the Ecumenical Temple.
  7329 | Temple   | Entered the Ecumenical Temple
  7598 | Temple   | Became a worshipper of the Shining One
  7871 | D:4      | Bought a scarf of cloud immunity for 98 gold pieces
  7871 | D:4      | Bought a +1 chain mail of cold resistance for 231 gold
                  | pieces
  7959 | D:4      | Killed Hylith's ghost
  8290 | D:8      | Reached XP level 10. HP: 77/80 MP: 15/17
  8351 | D:8      | Found a roughly hewn altar of Beogh.
  8626 | D:8      | Reached * piety under the Shining One
  8643 | D:8      | Reached skill level 4 in Conjurations
  8643 | D:8      | Reached skill level 4 in Hexes
  8643 | D:8      | Reached skill level 4 in Charms
  8643 | D:8      | Reached skill level 4 in Summonings
  8643 | D:8      | Reached skill level 4 in Necromancy
  8643 | D:8      | Reached skill level 4 in Translocations
  8643 | D:8      | Reached skill level 4 in Transmutations
  8643 | D:8      | Reached skill level 4 in Fire Magic
  8643 | D:8      | Reached skill level 4 in Ice Magic
  8643 | D:8      | Reached skill level 4 in Air Magic
  8643 | D:8      | Reached skill level 4 in Earth Magic
  8643 | D:8      | Reached skill level 4 in Poison Magic
  8880 | D:8      | Found a staircase to the Lair.
  8906 | D:8      | Reached skill level 5 in Short Blades
  8906 | D:8      | Reached skill level 5 in Long Blades
  8906 | D:8      | Reached skill level 5 in Axes
  8906 | D:8      | Reached skill level 5 in Maces & Flails
  8906 | D:8      | Reached skill level 5 in Polearms
  8906 | D:8      | Reached skill level 5 in Staves
  8906 | D:8      | Reached skill level 5 in Slings
  8906 | D:8      | Reached skill level 5 in Bows
  8906 | D:8      | Reached skill level 5 in Crossbows
  8906 | D:8      | Reached skill level 5 in Throwing
  8906 | D:8      | Reached skill level 5 in Armour
  8906 | D:8      | Reached skill level 5 in Spellcasting
  8906 | D:8      | Reached skill level 5 in Evocations
  9129 | D:8      | Reached ** piety under the Shining One
  9331 | D:8      | Reached skill level 7 in Dodging
  9805 | Lair:1   | Entered Level 1 of the Lair of Beasts
  9877 | Lair:1   | Noticed an eight-headed hydra
  9892 | Lair:1   | HP: 15/82 [eight-headed hydra (10)]
  9894 | Lair:1   | Killed an eight-headed hydra
  9894 | Lair:1   | Reached skill level 6 in Stealth
  9894 | Lair:1   | Reached skill level 6 in Shields
 10210 | Lair:1   | Reached skill level 6 in Invocations
 10329 | Lair:1   | Noticed a spiny frog
 10341 | Lair:1   | Killed a spiny frog
 10341 | Lair:1   | Reached XP level 11. HP: 39/87 MP: 19/19
 10641 | Lair:1   | Noticed an oklob plant
 11319 | Lair:1   | HP: 26/87 [poisoned by a water moccasin]
 11326 | Lair:1   | HP: 26/87 [poisoned by a water moccasin]
 11334 | Lair:1   | HP: 26/87 [poisoned by a water moccasin]
 11468 | Lair:2   | Found a frozen archway.
 11728 | Lair:2   | Reached skill level 9 in Fighting
 11728 | Lair:2   | Reached skill level 6 in Short Blades
 11728 | Lair:2   | Reached skill level 6 in Long Blades
 11728 | Lair:2   | Reached skill level 6 in Axes
 11728 | Lair:2   | Reached skill level 6 in Maces & Flails
 11728 | Lair:2   | Reached skill level 6 in Polearms
 11728 | Lair:2   | Reached skill level 6 in Staves
 11728 | Lair:2   | Reached skill level 6 in Slings
 11728 | Lair:2   | Reached skill level 6 in Bows
 11728 | Lair:2   | Reached skill level 6 in Crossbows
 11728 | Lair:2   | Reached skill level 6 in Throwing
 11728 | Lair:2   | Reached skill level 6 in Armour
 11728 | Lair:2   | Reached skill level 9 in Unarmed Combat
 11728 | Lair:2   | Reached skill level 6 in Spellcasting
 11728 | Lair:2   | Reached skill level 6 in Evocations
 11733 | IceCv    | Entered an ice cave
 11801 | IceCv    | Reached skill level 5 in Conjurations
 11801 | IceCv    | Reached skill level 5 in Hexes
 11801 | IceCv    | Reached skill level 5 in Charms
 11801 | IceCv    | Reached skill level 5 in Summonings
 11801 | IceCv    | Reached skill level 5 in Necromancy
 11801 | IceCv    | Reached skill level 5 in Translocations
 11801 | IceCv    | Reached skill level 5 in Transmutations
 11801 | IceCv    | Reached skill level 5 in Fire Magic
 11801 | IceCv    | Reached skill level 5 in Ice Magic
 11801 | IceCv    | Reached skill level 5 in Air Magic
 11801 | IceCv    | Reached skill level 5 in Earth Magic
 11801 | IceCv    | Reached skill level 5 in Poison Magic
 12093 | IceCv    | Reached *** piety under the Shining One
 12137 | IceCv    | HP: 23/89 [ice devil (5)]
 12143 | IceCv    | HP: 23/89 [ice devil (7)]
 12510 | IceCv    | Noticed a reaper
 12524 | IceCv    | Killed a reaper
 12524 | IceCv    | Reached skill level 7 in Invocations
 12898 | Lair:2   | Reached skill level 8 in Dodging
 12898 | Lair:2   | Reached skill level 7 in Shields
 12935 | Lair:2   | Reached skill level 7 in Stealth
 13336 | Lair:2   | Reached **** piety under the Shining One
 13577 | Lair:2   | Found a staircase to the Snake Pit.
 13786 | Lair:2   | Reached XP level 12. HP: 79/96 MP: 22/22
 14492 | Lair:3   | Reached skill level 7 in Short Blades
 14492 | Lair:3   | Reached skill level 7 in Long Blades
 14492 | Lair:3   | Reached skill level 7 in Axes
 14492 | Lair:3   | Reached skill level 7 in Maces & Flails
 14492 | Lair:3   | Reached skill level 7 in Polearms
 14492 | Lair:3   | Reached skill level 7 in Staves
 14492 | Lair:3   | Reached skill level 7 in Slings
 14492 | Lair:3   | Reached skill level 7 in Bows
 14492 | Lair:3   | Reached skill level 7 in Crossbows
 14492 | Lair:3   | Reached skill level 7 in Throwing
 14492 | Lair:3   | Reached skill level 7 in Armour
 14492 | Lair:3   | Reached skill level 7 in Spellcasting
 14492 | Lair:3   | Reached skill level 7 in Evocations
 14912 | Lair:3   | HP: 29/97 [poisoned by a black mamba]
 14917 | Lair:3   | HP: 21/97 [poisoned by a black mamba]
 14922 | Lair:3   | HP: 17/97 [poisoned by a black mamba]
 14927 | Lair:3   | HP: 13/97 [poisoned by a black mamba]
 14932 | Lair:3   | HP: 11/97 [poisoned by a black mamba]
 14939 | Lair:3   | HP: 10/97 [poisoned by a black mamba]
 14946 | Lair:3   | HP: 10/97 [poisoned by a black mamba]
 14954 | Lair:3   | HP: 10/97 [poisoned by a black mamba]
 15318 | Lair:3   | Found a staircase to the Shoals.
 15318 | Lair:3   | Noticed an eight-headed hydra
 15327 | Lair:3   | Killed an eight-headed hydra
 15552 | Lair:3   | Reached skill level 6 in Conjurations
 15552 | Lair:3   | Reached skill level 6 in Hexes
 15552 | Lair:3   | Reached skill level 6 in Charms
 15552 | Lair:3   | Reached skill level 6 in Summonings
 15552 | Lair:3   | Reached skill level 6 in Necromancy
 15552 | Lair:3   | Reached skill level 6 in Translocations
 15552 | Lair:3   | Reached skill level 6 in Transmutations
 15552 | Lair:3   | Reached skill level 6 in Fire Magic
 15552 | Lair:3   | Reached skill level 6 in Ice Magic
 15552 | Lair:3   | Reached skill level 6 in Air Magic
 15552 | Lair:3   | Reached skill level 6 in Earth Magic
 15552 | Lair:3   | Reached skill level 6 in Poison Magic
 15822 | Lair:4   | Reached skill level 8 in Invocations
 16369 | Lair:4   | Reached skill level 10 in Fighting
 16369 | Lair:4   | Reached skill level 8 in Shields
 16369 | Lair:4   | Reached skill level 10 in Unarmed Combat
 16741 | Lair:5   | Reached skill level 8 in Stealth
 16755 | Lair:5   | Reached skill level 9 in Dodging
 16762 | Lair:5   | HP: 27/97 [yak (5)]
 17033 | Lair:5   | Found a staircase to the Slime Pits.
 17228 | Lair:5   | Reached XP level 13. HP: 101/103 MP: 24/24
 17826 | Lair:1   | Learned a level 3 spell: Spectral Weapon
 17969 | Lair:6   | Entered Level 6 of the Lair of Beasts
 18010 | Lair:6   | HP: 28/103 [dream sheep (22)]
 18072 | Lair:6   | Found a gate leading to a gauntlet.
 18080 | Lair:6   | HP: 26/103 [black mamba (11)]
 18082 | Lair:6   | HP: 7/103 [black mamba (14)]
 18840 | Lair:5   | Reached skill level 8 in Short Blades
 18840 | Lair:5   | Reached skill level 8 in Long Blades
 18840 | Lair:5   | Reached skill level 8 in Axes
 18840 | Lair:5   | Reached skill level 8 in Maces & Flails
 18840 | Lair:5   | Reached skill level 8 in Polearms
 18840 | Lair:5   | Reached skill level 8 in Staves
 18840 | Lair:5   | Reached skill level 8 in Slings
 18840 | Lair:5   | Reached skill level 8 in Bows
 18840 | Lair:5   | Reached skill level 8 in Crossbows
 18840 | Lair:5   | Reached skill level 8 in Throwing
 18840 | Lair:5   | Reached skill level 8 in Armour
 18840 | Lair:5   | Reached skill level 8 in Spellcasting
 18840 | Lair:5   | Reached skill level 8 in Evocations
 20463 | Lair:6   | Reached skill level 9 in Invocations
 21775 | Lair:6   | Reached skill level 7 in Conjurations
 21775 | Lair:6   | Reached skill level 7 in Hexes
 21775 | Lair:6   | Reached skill level 7 in Charms
 21775 | Lair:6   | Reached skill level 7 in Summonings
 21775 | Lair:6   | Reached skill level 7 in Necromancy
 21775 | Lair:6   | Reached skill level 7 in Translocations
 21775 | Lair:6   | Reached skill level 7 in Transmutations
 21775 | Lair:6   | Reached skill level 7 in Fire Magic
 21775 | Lair:6   | Reached skill level 7 in Ice Magic
 21775 | Lair:6   | Reached skill level 7 in Air Magic
 21775 | Lair:6   | Reached skill level 7 in Earth Magic
 21775 | Lair:6   | Reached skill level 7 in Poison Magic
 21779 | Lair:6   | Noticed a dire elephant
 21790 | Lair:6   | HP: 17/104 [dire elephant (28)]
 21793 | Lair:6   | Killed a dire elephant
 21999 | Lair:6   | Noticed a dire elephant
 22112 | Lair:6   | Noticed a dire elephant
 22128 | Lair:6   | Killed a dire elephant
 22314 | Lair:6   | HP: 21/104 [dire elephant (17)]
 22319 | Lair:6   | HP: 24/104 [dire elephant (19)]
 22320 | Lair:6   | HP: 3/104 [dire elephant (14)]
 22324 | Lair:6   | HP: 1/104 [dire elephant (9)]
 22737 | D:9      | Found a transporter.
 22919 | D:9      | Reached skill level 9 in Shields
 22982 | D:9      | Found a transporter.
 23626 | D:10     | Entered Level 10 of the Dungeon
 23659 | D:10     | Noticed Psyche
 23661 | D:10     | Killed Psyche
 23695 | D:10     | Reached skill level 9 in Stealth
 23936 | D:10     | Got a shimmering crystal amulet
 23937 | D:10     | Identified the amulet "Alaev" {Gourm Str+4} (You found it
                  | on level 10 of the Dungeon)
 23966 | D:10     | Found Zuitiasicu's General Store.
 23971 | D:10     | Bought a potion of curing for 36 gold pieces
 23971 | D:10     | Bought a potion of heal wounds for 60 gold pieces
 24162 | D:10     | Reached ***** piety under the Shining One
 24199 | D:10     | Reached XP level 14. HP: 91/111 MP: 26/26
 24499 | D:10     | Found a staircase to the Orcish Mines.
 24660 | D:10     | Found Degitef's Food Emporium.
 24726 | Orc:1    | Entered Level 1 of the Orcish Mines
 25432 | Orc:2    | Entered Level 2 of the Orcish Mines
 25432 | Orc:2    | Found a staircase to the Elven Halls.
 25493 | Orc:2    | Found Sonnus's Magic Scroll Shoppe.
 25505 | Orc:2    | Bought a scroll of blinking for 127 gold pieces
 25505 | Orc:2    | Bought a scroll of fear for 59 gold pieces
 25505 | Orc:2    | Bought 3 scrolls of blinking for 382 gold pieces
 25639 | Orc:2    | Noticed a stone giant
 25845 | Orc:1    | Reached skill level 10 in Dodging
 25893 | Orc:2    | Killed a stone giant
 26173 | Orc:2    | Found Razoaw's General Store.
 26175 | Orc:2    | Found a roughly hewn altar of Beogh.
 26188 | Orc:2    | Upgraded the game from 0.24-a0-235-g3f03afc to
                  | 0.24-a0-243-g8f5f5cd
 26287 | Orc:2    | Found Xuvais's Weapon Shop.
 26321 | Orc:2    | Reached skill level 11 in Fighting
 26321 | Orc:2    | Reached skill level 11 in Unarmed Combat
 26345 | Orc:2    | Reached skill level 9 in Short Blades
 26345 | Orc:2    | Reached skill level 9 in Long Blades
 26345 | Orc:2    | Reached skill level 9 in Axes
 26345 | Orc:2    | Reached skill level 9 in Maces & Flails
 26345 | Orc:2    | Reached skill level 9 in Polearms
 26345 | Orc:2    | Reached skill level 9 in Staves
 26345 | Orc:2    | Reached skill level 9 in Slings
 26345 | Orc:2    | Reached skill level 9 in Bows
 26345 | Orc:2    | Reached skill level 9 in Crossbows
 26345 | Orc:2    | Reached skill level 9 in Throwing
 26345 | Orc:2    | Reached skill level 9 in Armour
 26345 | Orc:2    | Reached skill level 9 in Spellcasting
 26345 | Orc:2    | Reached skill level 9 in Evocations
 27056 | Orc:2    | Noticed a stone giant
 27080 | Orc:2    | HP: 8/113 [stone giant (31)]
 27104 | Orc:2    | HP: 5/113 [stone giant/large rock (10)]
 27108 | Orc:2    | Hit by a large rock thrown by a stone giant

Levels and vault maps discovered:
D:1:      dpeg_arrival_brainrot, layout_loops_ring
D:2:      layout_rooms
D:3:      layout_rooms, grunt_ministairs_4, chequers_serial_rivers_micro_d
D:4:      layout_loops_ring, gammafunk_ghost_icy, serial_shops, shop_fountains,
          first_ration, uniq_sigmund, uniq_eustachio
D:5:      layout_loops_ring, serial_shops, kennysheep_mini_moat,
          serial_bayou_ford_a, palyth_stone_intersect, tgw_fedhas
D:6:      layout_basic, slow_altar_1, basic_altar, serial_shops, shop,
          minmay_misc_feat_tower, nicolae_sextant
D:7:      layout_rooms, minmay_temple_entry_fiery, the_bakery, minmay_shop_mass,
          kennysheep_donut, okawaru_ov_weapons_minmay
D:8:      layout_basic, erik_lair_orcish_takeover, david_defended_altar_orc
D:9:      gammafunk_wand_slinger, layout_gridville, minmay_diamond_spiral
D:10:     cheibrodos_elevator_heist, layout_stronghold, orc_0_dummy,
          serial_shops, nicolae_shop_crystal, kennysheep_little_box, uniq_psyche
Temple:   regret_index_temple_sigil_plot
Lair:1:   layout_cave_pods, grunt_forest_stairs_basic,
          grunt_forest_small_clearing_treed, minmay_lair_oklob_chamber
Lair:2:   layout_hall_layers, guppyfry_snake_entry_garden,
          portal_ice_cave_entry_ice_beasts, chequers_serial_rivers_micro_a
Lair:3:   layout_cave_pods, shoals_dummy_entry, nicolae_quartered_pool_super
Lair:4:   layout_roguey, grunt_megastairs_1, infiniplex_staircase_pool_2
Lair:5:   layout_roguey, minmay_slime_entry_eyes
Lair:6:   due_jungle_book, layout_small_grid, gauntlet_entry_generic,
          st_stairs_3, kennysheep_abandoned_house
Orc:1:    layout_caves, abandoned_shop
Orc:2:    st_orc_open, layout_caves, serial_shops, shop, shop, basic_altar
IceCv:    ice_cave_small_demon

Skill      XL: |  1  2  3  4  5  6  7  8  9 10 11 12 13 14 |
---------------+-------------------------------------------+-----
Invocations    | 1 2 3 4 5 6 7 8 9 |  9.9
Short Blades   | 1 2 3 4 5 6 7 8 9 |  9.1
Long Blades    | 1 2 3 4 5 6 7 8 9 |  9.1
Axes           | 1 2 3 4 5 6 7 8 9 |  9.1
Maces & Flails | 1 2 3 4 5 6 7 8 9 |  9.1
Polearms       | 1 2 3 4 5 6 7 8 9 |  9.1
Staves         | 1 2 3 4 5 6 7 8 9 |  9.1
Slings         | 1 2 3 4 5 6 7 8 9 |  9.1
Bows           | 1 2 3 4 5 6 7 8 9 |  9.1
Crossbows      | 1 2 3 4 5 6 7 8 9 |  9.1
Throwing       | 1 2 3 4 5 6 7 8 9 |  9.1
Armour         | 1 2 3 4 5 6 7 8 9 |  9.1
Spellcasting   | 1 2 3 4 5 6 7 8 9 |  9.1
Evocations     | 1 2 3 4 5 6 7 8 9 |  9.1
Conjurations   | 1 2 3 4 5 6 7 |  7.6
Hexes          | 1 2 3 4 5 6 7 |  7.6
Charms         | 1 2 3 4 5 6 7 |  7.6
Summonings     | 1 2 3 4 5 6 7 |  7.6
Necromancy     | 1 2 3 4 5 6 7 |  7.6
Translocations | 1 2 3 4 5 6 7 |  7.6
Transmutations | 1 2 3 4 5 6 7 |  7.6
Fire Magic     | 1 2 3 4 5 6 7 |  7.6
Ice Magic      | 1 2 3 4 5 6 7 |  7.6
Air Magic      | 1 2 3 4 5 6 7 |  7.6
Earth Magic    | 1 2 3 4 5 6 7 |  7.6
Poison Magic   | 1 2 3 4 5 6 7 |  7.6
Shields        | 3 4 5 6 7 8 9 |  9.5
Dodging        | 5 6 7 8 9 10 | 10.2
Stealth        | 3 4 5 6 7 8 9 |  9.4
Fighting       | 7 8 9 10 11 | 11.1
Unarmed Combat | 7 8 9 10 11 | 11.1

Action                   |  1- 3 |  4- 6 |  7- 9 | 10-12 | 13-15 || total
-------------------------+-------+-------+-------+-------+-------++-------
Melee: Dagger            |   176 |       |   270 |    73 |       ||   519
       Bite              |    21 |     7 |    67 |    98 |   103 ||   296
       Lajatang          |    23 |   102 |   203 |   586 |   682 ||  1596
       Hand axe          |    22 |       |       |       |       ||    22
       Punch             |       |       |     8 |     5 |       ||    13
       Spear             |       |       |       |     9 |       ||     9
       Short sword       |       |       |       |     3 |       ||     3
Throw: Javelin           |       |     6 |    15 |    82 |    22 ||   125
       Tomahawk          |       |       |     8 |     4 |       ||    12
 Cast: Spectral Weapon   |       |       |       |       |     7 ||     7
Invok: Divine Shield     |       |       |       |     7 |     7 ||    14
       Cleansing Flame   |       |       |       |       |     2 ||     2
Evoke: Wand              |       |       |       |     4 |    12 ||    16
  Use: Scroll            |     6 |     2 |     8 |     8 |     9 ||    33
       Potion            |       |       |     3 |     4 |     4 ||    11
  Eat: Chunk             |     2 |     4 |    16 |    16 |    37 ||    75
       Ration            |       |       |     1 |     4 |     3 ||     8
Armor: Ring mail         |    13 |       |       |       |       ||    13
       Scale mail        |    30 |       |       |       |       ||    30
       Chain mail        |    48 |    42 |   252 |   362 |   397 ||  1101
Dodge: Dodged            |    69 |    29 |   233 |   374 |   551 ||  1256
Block: Shield            |    82 |       |       |       |       ||    82
       Other             |       |       |       |    21 |    34 ||    55

Table legend:
 A = Non-vault XP
 B = Vault XP
 C = Vault XP percentage of total XP
 D = Non-vault monster count
 E = Vault monster count
 F = Vault count percentage of total count
                 A         B        C        D         E       F
            +---------+---------+-------+---------+---------+-------
      Total |   50607 |   20216 |  28.5 |     412 |     112 |  21.4
            +---------+---------+-------+---------+---------+-------
        D:1 |      51 |       2 |   3.8 |      29 |       1 |   3.3
        D:2 |      28 |       0 |   0.0 |      14 |       0 |   0.0
        D:3 |     428 |       4 |   0.9 |      32 |       2 |   5.9
        D:4 |     283 |     586 |  67.4 |      17 |      10 |  37.0
        D:5 |     892 |       0 |   0.0 |      24 |       0 |   0.0
        D:6 |     978 |       5 |   0.5 |      30 |       1 |   3.2
        D:7 |     883 |     215 |  19.6 |      13 |       1 |   7.1
        D:8 |    1667 |     697 |  29.5 |      27 |      10 |  27.0
        D:9 |    1173 |     618 |  34.5 |      17 |       4 |  19.0
       D:10 |    3247 |     454 |  12.3 |      26 |       1 |   3.7
     Lair:1 |    3309 |     395 |  10.7 |      11 |       3 |  21.4
     Lair:2 |    3285 |    1149 |  25.9 |      16 |       8 |  33.3
     Lair:3 |    6052 |       0 |   0.0 |      23 |       0 |   0.0
     Lair:4 |    3240 |     470 |  12.7 |      18 |       2 |  10.0
     Lair:5 |   10606 |    1444 |  12.0 |      36 |      10 |  21.7
     Lair:6 |    7925 |    1561 |  16.5 |      24 |      13 |  35.1
      Orc:1 |    2274 |       0 |   0.0 |      29 |       0 |   0.0
      Orc:2 |    4286 |    8386 |  66.2 |      26 |      20 |  43.5
      IceCv |       0 |    4230 | 100.0 |       0 |      26 | 100.0
            +---------+---------+-------+---------+---------+-------

Table legend:
 A = Turns spent in this place as a percentage of turns spent in the entire game.
 B = Non-inter-level travel turns spent in this place as a percentage of non-inter-level travel turns spent in the entire game.
 C = Inter-level travel turns spent in this place as a percentage of turns spent in this place.
 D = Turns resting spent in this place as a percentage of non-inter-level travel turns spent in this place.
 E = Turns spent auto-exploring this place as a percentage of non-inter-level travel turns spent in this place.
 F = Non-inter-level travel turns spent in this place divided by the number of levels of this place that you've seen.
                   A       B       C       D       E      F
               +-------+-------+-------+-------+-------+----------------------
         Total | 100.0 | 100.0 |   5.4 |  37.2 |  33.3 | 1282.8
       Dungeon |  43.4 |  42.8 |   6.5 |  22.3 |  44.2 | 1099.1
        Temple |   1.1 |   1.1 |   7.5 |   0.0 |  96.7 | 272.0
          Lair |  42.5 |  42.4 |   5.6 |  49.4 |  26.6 | 1812.0
  Orcish Mines |   8.8 |   9.2 |   0.7 |  42.9 |  21.6 | 1183.0
      Ice Cave |   4.3 |   4.5 |   0.0 |  61.2 |   3.2 | 1154.0
               +-------+-------+-------+-------+-------+----------------------

Levels and vault maps discovered:
D:1:      dpeg_arrival_brainrot, layout_loops_ring
D:2:      layout_rooms
D:3:      layout_rooms, grunt_ministairs_4, chequers_serial_rivers_micro_d
D:4:      layout_loops_ring, gammafunk_ghost_icy, serial_shops, shop_fountains,
          first_ration, uniq_sigmund, uniq_eustachio
D:5:      layout_loops_ring, serial_shops, kennysheep_mini_moat,
          serial_bayou_ford_a, palyth_stone_intersect, tgw_fedhas
D:6:      layout_basic, slow_altar_1, basic_altar, serial_shops, shop,
          minmay_misc_feat_tower, nicolae_sextant
D:7:      layout_rooms, minmay_temple_entry_fiery, the_bakery, minmay_shop_mass,
          kennysheep_donut, okawaru_ov_weapons_minmay
D:8:      layout_basic, erik_lair_orcish_takeover, david_defended_altar_orc
D:9:      gammafunk_wand_slinger, layout_gridville, minmay_diamond_spiral
D:10:     cheibrodos_elevator_heist, layout_stronghold, orc_0_dummy,
          serial_shops, nicolae_shop_crystal, kennysheep_little_box, uniq_psyche
Temple:   regret_index_temple_sigil_plot
Lair:1:   layout_cave_pods, grunt_forest_stairs_basic,
          grunt_forest_small_clearing_treed, minmay_lair_oklob_chamber
Lair:2:   layout_hall_layers, guppyfry_snake_entry_garden,
          portal_ice_cave_entry_ice_beasts, chequers_serial_rivers_micro_a
Lair:3:   layout_cave_pods, shoals_dummy_entry, nicolae_quartered_pool_super
Lair:4:   layout_roguey, grunt_megastairs_1, infiniplex_staircase_pool_2
Lair:5:   layout_roguey, minmay_slime_entry_eyes
Lair:6:   due_jungle_book, layout_small_grid, gauntlet_entry_generic,
          st_stairs_3, kennysheep_abandoned_house
Orc:1:    layout_caves, abandoned_shop
Orc:2:    st_orc_open, layout_caves, serial_shops, shop, shop, basic_altar
IceCv:    ice_cave_small_demon
